Workbook

Sheet PLANILLA NOMINA
A1: PLANILLA PARA EL PAGO DE NÓMINA
A2: Forma de Pago | C2: Quincenal | D2: 15 | E2: Período de Pago a liquidar | G2: 1 al 15 de septiembre de 2025 | K2: Fecha de Elaboración | P2: =NOW() -> 46007.42
A3: ITEM | B3: DATOS BÁSICOS DE NÓMINA | E3: DEVENGADOS DE NÓMINA | K3: DEDUCCIONES | R3: TOTAL NETO A PAGAR
B4: NOMBRES Y APELLIDOS | C4: BASICO MENSUAL | D4: DIAS TRAB. | E4: SALARIO BÁSICO | F4: AUXILIO DE TRANSPORTE | G4: HORAS EXTRAS Y RECARGOS | H4: OTROS PAGOS LABORALES | I4: OTROS PAGOS NO LABORALES | J4: TOTAL DEVENGADO | K4: EPS | L4: AFP | M4: PRESTAMOS | N4: EMBARGOS | O4: FONDO DE EMPLEADOS Y COOP. | P4: PÓLIZA EXEQUIAL | Q4: TOTAL DEDUCCIONES
E5: =+C2 -> Quincenal | K5: 0.04 | L5: 0.04
A6: 1 | B6: GABRIELA FORERO | C6: 3000000 | D6: 11 | E6: =C6/30*D6 -> 1100000 | F6: =IF(C6<=2*$R$20,$R$21/30*D6,0) -> 0 | G6: =+'HORAS EXTRAS Y RECARGOS'!X6 -> 0 | I6: =(C6/30*2+C6/30*2*0.666666666666667) -> 333333.33 | J6: =+SUM(E6:I6) -> 1433333.3 | K6: =(C6/30*$D$2+G6+H6)*$K$5 -> 60000 | L6: =IF(C6<=4*$R$20,(C6/30*$D$2+G6+H6)*4%,(C6/30*$D$2+G6+H6)*5%) -> 60000 | P6: 15000 | Q6: =SUM(K6:P6) -> 135000 | R6: =+J6-Q6 -> 1298333.3
A7: 2 | B7: LUCIANA GALINDO | C7: 1600000 | D7: =+$D$2 -> 15 | E7: =C7/30*D7 -> 800000 | F7: =IF(C7<=2*$R$20,$R$21/30*D7,0) -> 100000 | G7: =+'HORAS EXTRAS Y RECARGOS'!X7 -> 241090.91 | J7: =+SUM(E7:I7) -> 1141090.9 | K7: =(C7/30*$D$2+G7+H7)*$K$5 -> 41643.636 | L7: =IF(C7<=4*$R$20,(C7/30*$D$2+G7+H7)*4%,(C7/30*$D$2+G7+H7)*5%) -> 41643.636 | M7: 100000 | P7: 15000 | Q7: =SUM(K7:P7) -> 198287.27 | R7: =+J7-Q7 -> 942803.64
A8: 3 | B8: RUPERTO BRAVO | C8: 1450000 | D8: 13 | E8: =C8/30*D8 -> 628333.33 | F8: =IF(C8<=2*$R$20,$R$21/30*D8,0) -> 86666.667 | G8: =+'HORAS EXTRAS Y RECARGOS'!X8 -> 92272.727 | I8: =+C8/30*2 -> 96666.667 | J8: =+SUM(E8:I8) -> 903939.39 | K8: =(C8/30*$D$2+G8+H8)*$K$5 -> 32690.909 | L8: =IF(C8<=4*$R$20,(C8/30*$D$2+G8+H8)*4%,(C8/30*$D$2+G8+H8)*5%) -> 32690.909 | P8: 15000 | Q8: =SUM(K8:P8) -> 80381.818 | R8: =+J8-Q8 -> 823557.58
A9: 4 | B9: ROSITA GRANADA | C9: 1423500 | D9: =+$D$2 -> 15 | E9: =C9/30*D9 -> 711750 | F9: =IF(C9<=2*$R$20,$R$21/30*D9,0) -> 100000 | G9: =+'HORAS EXTRAS Y RECARGOS'!X9 -> 0 | H9: =30000000*3% -> 900000 | I9: 300000 | J9: =+SUM(E9:I9) -> 2011750 | K9: =(C9/30*$D$2+G9+H9)*$K$5 -> 64470 | L9: =IF(C9<=4*$R$20,(C9/30*$D$2+G9+H9)*4%,(C9/30*$D$2+G9+H9)*5%) -> 64470 | P9: 15000 | Q9: =SUM(K9:P9) -> 143940 | R9: =+J9-Q9 -> 1867810
A10: 5 | B10: COVID ANDRES VAQUERO | C10: 1600000 | D10: =+$D$2 -> 15 | E10: =C10/30*D10 -> 800000 | F10: =IF(C10<=2*$R$20,$R$21/30*D10,0) -> 100000 | G10: =+'HORAS EXTRAS Y RECARGOS'!X10 -> 104727.27 | J10: =+SUM(E10:I10) -> 1004727.3 | K10: =(C10/30*$D$2+G10+H10)*$K$5 -> 36189.091 | L10: =IF(C10<=4*$R$20,(C10/30*$D$2+G10+H10)*4%,(C10/30*$D$2+G10+H10)*5%) -> 36189.091 | N10: =(C10/30*D2+G10+H10-1423500/30*D2)*20% -> 38595.455 | P10: 15000 | Q10: =SUM(K10:P10) -> 125973.64 | R10: =+J10-Q10 -> 878753.64
A11: 6 | B11: ARMANDO CASAS | C11: 6000000 | D11: =+$D$2 -> 15 | E11: =C11/30*D11 -> 3000000 | F11: =IF(C11<=2*$R$20,$R$21/30*D11,0) -> 0 | G11: =+'HORAS EXTRAS Y RECARGOS'!X11 -> 0 | J11: =+SUM(E11:I11) -> 3000000 | K11: =(C11/30*$D$2+G11+H11)*$K$5 -> 120000 | L11: =IF(C11<=4*$R$20,(C11/30*$D$2+G11+H11)*4%,(C11/30*$D$2+G11+H11)*5%) -> 150000 | N11: =+(C11/30*D2+G11+H11)*30% -> 900000 | P11: 15000 | Q11: =SUM(K11:P11) -> 1185000 | R11: =+J11-Q11 -> 1815000
A12: 7 | E12: =C12/30*D12 -> 0 | F12: =IF(C12<=2*$R$20,$R$21/30*D12,0) -> 0 | G12: =+'HORAS EXTRAS Y RECARGOS'!X12 -> 0 | I12: =(C12/30*2+C12/30*4*2/3) -> 0 | J12: =+SUM(E12:I12) -> 0 | K12: =(C12/30*$D$2+G12+H12)*$K$5 -> 0 | L12: =IF(C12<=4*$R$20,(C12/30*$D$2+G12+H12)*4%,(C12/30*$D$2+G12+H12)*5%) -> 0 | Q12: =SUM(K12:P12) -> 0 | R12: =+J12-Q12 -> 0
A13: 8 | E13: =C13/30*D13 -> 0 | F13: =IF(C13<=2*$R$20,$R$21/30*D13,0) -> 0 | G13: =+'HORAS EXTRAS Y RECARGOS'!X13 -> 0 | J13: =+SUM(E13:I13) -> 0 | K13: =(C13/30*$D$2+G13+H13)*$K$5 -> 0 | L13: =IF(C13<=4*$R$20,(C13/30*$D$2+G13+H13)*4%,(C13/30*$D$2+G13+H13)*5%) -> 0 | Q13: =SUM(K13:P13) -> 0 | R13: =+J13-Q13 -> 0
A14: 9 | E14: =C14/30*D14 -> 0 | F14: =IF(C14<=2*$R$20,$R$21/30*D14,0) -> 0 | G14: =+'HORAS EXTRAS Y RECARGOS'!X14 -> 0 | J14: =+SUM(E14:I14) -> 0 | K14: =(C14/30*$D$2+G14+H14)*$K$5 -> 0 | L14: =IF(C14<=4*$R$20,(C14/30*$D$2+G14+H14)*4%,(C14/30*$D$2+G14+H14)*5%) -> 0 | Q14: =SUM(K14:P14) -> 0 | R14: =+J14-Q14 -> 0
A15: 10 | E15: =C15/30*D15 -> 0 | F15: =IF(C15<=2*$R$20,$R$21/30*D15,0) -> 0 | G15: =+'HORAS EXTRAS Y RECARGOS'!X15 -> 0 | J15: =+SUM(E15:I15) -> 0 | K15: =(C15/30*$D$2+G15+H15)*$K$5 -> 0 | L15: =IF(C15<=4*$R$20,(C15/30*$D$2+G15+H15)*4%,(C15/30*$D$2+G15+H15)*5%) -> 0 | Q15: =SUM(K15:P15) -> 0 | R15: =+J15-Q15 -> 0
A16: TOTALES | C16: =SUM(C6:C15) -> 15073500 | E16: =SUM(E6:E15) -> 7040083.3 | F16: =SUM(F6:F15) -> 386666.67 | G16: =SUM(G6:G15) -> 438090.91 | H16: =SUM(H6:H15) -> 900000 | I16: =SUM(I6:I15) -> 730000 | J16: =SUM(J6:J15) -> 9494840.9 | K16: =SUM(K6:K15) -> 354993.64 | L16: =SUM(L6:L15) -> 384993.64 | ... R16: =SUM(R6:R15) -> 7626258.2
A18: DEVENGADOS | E18: DEDUCCIONES | H18: Aportante con exención de Parafiscales y Salud | M18: PROVISIONES PRESTACIONES SOCIALES
A19: CONCEPTO | C19: VALOR | E19: CONCEPTO | F19: VALOR | H19: CONCEPTO | J19: % | K19: VALOR | M19: CONCEPTO | N19: % | O19: VALOR
A20: BASICO QUINCENAL | C20: =+E16 -> 7040083.3 | E20: EPS | F20: =+K16 -> 354993.64 | H20: SENA | K20: =($C$16/30*$D$2+$C$22+$C$23+$C$24+$C$25)*J20 -> 0 | M20: PRIMA | N20: 0.0833 | O20: =+($C$16/30*$D$2+$C$21+$C$22+$C$23+$C$24+$C$25)*N20 -> 771483.58 | P20: Salario minimo mensual año 2025 | R20: 1423500
A21: AUXILIO DE TRANSP | C21: =+F16 -> 386666.67 | E21: AFP | F21: =+L16 -> 384993.64 | H21: ICBF | K21: =($C$16/30*$D$2+$C$22+$C$23+$C$24+$C$25)*J21 -> 0 | M21: CESANTIAS | N21: 0.0833 | O21: =+($C$16/30*$D$2+$C$21+$C$22+$C$23+$C$24+$C$25)*N21 -> 771483.58 | P21: Auxilio de transporte año 2025 | R21: 200000
A22: HORAS EXTRAS D/N/F | C22: =+'HORAS EXTRAS Y RECARGOS'!E16+'HORAS EXTRAS Y RECARGOS'!H16+'HORAS EXTRAS Y RECARGOS'!N16+'HORAS EXTRAS Y RECARGOS'!Q16 -> 228636.36 | E22: PRESTAMOS | F22: =+M16 -> 100000 | H22: CAJA DE COMPENS. | J22: 0.04 | K22: =($C$16/30*$D$2+$C$22+$C$23+$C$24+$C$25)*J22 -> 354993.64 | M22: INT. CES. | N22: 0.01 | O22: =+($C$16/30*$D$2+$C$21+$C$22+$C$23+$C$24+$C$25)*N22 -> 92615.076 | P22: Horas trabajadas al mes | R22: 220
A23: REC. NOCTURNO | C23: =+'HORAS EXTRAS Y RECARGOS'!K16+'HORAS EXTRAS Y RECARGOS'!T16 -> 0 | E23: EMBARGOS | F23: =+N16 -> 938595.45 | H23: EPS | K23: =($C$16/30*$D$2+$C$22+$C$23+$C$24+$C$25)*J23 -> 0 | M23: VACACIONES | N23: 0.0417 | O23: =+($C$16/30*$D$2)*N23 -> 314282.48
A24: REC. FESTIVO | C24: =+'HORAS EXTRAS Y RECARGOS'!W16 -> 209454.55 | E24: FONDO DE EMPL. | H24: AFP | J24: 0.12 | K24: =($C$16/30*$D$2+$C$22+$C$23+$C$24+$C$25)*J24 -> 1064980.9
A25: COMISIONES | C25: =+H9 -> 900000 | E25: COOPERATIVAS | F25: =+O16 -> 0 | H25: ARL | J25: 0.02436 | K25: =($C$16/30*$D$2+$C$22+$C$23+$C$24+$C$25-C27)*J25 -> 205716.32
A26: BONIFICACIONES NO LABORALES | E26: OTRAS DEDUCC.
A27: INCAPACIDADES | C27: =+I6+I8+I12 -> 430000 | E27: PÓLIZA EXEQUIAL | F27: =+P16 -> 90000
A28: AUXILIOS | C28: =+I9 -> 300000
A29: OTROS DEVENGADOS
A30: TOTAL DEVENGADOS | C30: =SUM(C20:D29) -> 9494840.9 | E30: TOTAL DEDUCC. | F30: =SUM(F20:G29) -> 1868582.7 | H30: TOTAL APORTES EMPLEADOR | K30: =SUM(K20:L29) -> 1625690.9 | M30: TOTAL PROVISIONES | O30: =SUM(O20:O29) -> 1949864.7
A31: Elaborado por: | I31: Revisado por:

Sheet HORAS EXTRAS Y RECARGOS
A4: EMPLEADO | B4: BASICO MES | C4: HED | F4: HEN | I4: HRN | L4: HED-DF | O4: HEN-DF | R4: HRN-DF | U4: HRDF | X4: TOTAL GENERAL
C5: CANTIDAD | D5: FACTOR | E5: TOTAL | F5: CANTIDAD | G5: FACTOR | H5: TOTAL | I5: CANTIDAD | J5: FACTOR | K5: TOTAL | L5: CANTIDAD | M5: FACTOR | N5: TOTAL | O5: CANTIDAD | P5: FACTOR | Q5: TOTAL | R5: CANTIDAD | S5: FACTOR | T5: TOTAL | U5: CANTIDAD | V5: FACTOR | W5: TOTAL
A6: =+'PLANILLA NOMINA'!B6 -> GABRIELA FORERO | B6: =+'PLANILLA NOMINA'!C6 -> 3000000 | D6: 1.25 | E6: =+B6/'PLANILLA NOMINA'!$R$22*'HORAS EXTRAS Y RECARGOS'!$D$6*'HORAS EXTRAS Y RECARGOS'!C6 -> 0 | G6: 1.75 | H6: =+B6/'PLANILLA NOMINA'!$R$22*'HORAS EXTRAS Y RECARGOS'!$G$6*'HORAS EXTRAS Y RECARGOS'!F6 -> 0 | J6: 0.35 | K6: =+B6/'PLANILLA NOMINA'!$R$22*'HORAS EXTRAS Y RECARGOS'!$J$6*'HORAS EXTRAS Y RECARGOS'!I6 -> 0 | M6: 2.05 | N6: =+B6/'PLANILLA NOMINA'!$R$22*'HORAS EXTRAS Y RECARGOS'!$M$6*'HORAS EXTRAS Y RECARGOS'!L6 -> 0 | P6: 2.55 | Q6: =+B6/'PLANILLA NOMINA'!$R$22*$P$6*O6 -> 0 | S6: 1.15 | T6: =B6/'PLANILLA NOMINA'!$R$22*$S$6*R6 -> 0 | V6: 1.8 | W6: =+B6/'PLANILLA NOMINA'!$R$22*$V$6*U6 -> 0 | X6: =SUM(E6,H6,K6,N6,Q6,T6,W6) -> 0
A7: =+'PLANILLA NOMINA'!B7 -> LUCIANA GALINDO | B7: =+'PLANILLA NOMINA'!C7 -> 1600000 | C7: 15 | E7: =B7/'PLANILLA NOMINA'!$R$22*'HORAS EXTRAS Y RECARGOS'!$D$6*'HORAS EXTRAS Y RECARGOS'!C7 -> 136363.64 | H7: =+B7/'PLANILLA NOMINA'!$R$22*'HORAS EXTRAS Y RECARGOS'!$G$6*'HORAS EXTRAS Y RECARGOS'!F7 -> 0 | K7: =+B7/'PLANILLA NOMINA'!$R$22*'HORAS EXTRAS Y RECARGOS'!$J$6*'HORAS EXTRAS Y RECARGOS'!I7 -> 0 | N7: =+B7/'PLANILLA NOMINA'!$R$22*'HORAS EXTRAS Y RECARGOS'!$M$6*'HORAS EXTRAS Y RECARGOS'!L7 -> 0 | Q7: =+B7/'PLANILLA NOMINA'!$R$22*$P$6*O7 -> 0 | T7: =B7/'PLANILLA NOMINA'!$R$22*$S$6*R7 -> 0 | U7: 8 | W7: =+B7/'PLANILLA NOMINA'!$R$22*$V$6*U7 -> 104727.27 | X7: =SUM(E7,H7,K7,N7,Q7,T7,W7) -> 241090.91
A8: =+'PLANILLA NOMINA'!B8 -> RUPERTO BRAVO | B8: =+'PLANILLA NOMINA'!C8 -> 1450000 | E8: =B8/'PLANILLA NOMINA'!$R$22*'HORAS EXTRAS Y RECARGOS'!$D$6*'HORAS EXTRAS Y RECARGOS'!C8 -> 0 | F8: 8 | H8: =+B8/'PLANILLA NOMINA'!$R$22*'HORAS EXTRAS Y RECARGOS'!$G$6*'HORAS EXTRAS Y RECARGOS'!F8 -> 92272.727 | K8: =+B8/'PLANILLA NOMINA'!$R$22*'HORAS EXTRAS Y RECARGOS'!$J$6*'HORAS EXTRAS Y RECARGOS'!I8 -> 0 | N8: =+B8/'PLANILLA NOMINA'!$R$22*'HORAS EXTRAS Y RECARGOS'!$M$6*'HORAS EXTRAS Y RECARGOS'!L8 -> 0 | Q8: =+B8/'PLANILLA NOMINA'!$R$22*$P$6*O8 -> 0 | T8: =B8/'PLANILLA NOMINA'!$R$22*$S$6*R8 -> 0 | W8: =+B8/'PLANILLA NOMINA'!$R$22*$V$6*U8 -> 0 | X8: =SUM(E8,H8,K8,N8,Q8,T8,W8) -> 92272.727
A9: =+'PLANILLA NOMINA'!B9 -> ROSITA GRANADA | B9: =+'PLANILLA NOMINA'!C9 -> 1423500 | E9: =B9/'PLANILLA NOMINA'!$R$22*'HORAS EXTRAS Y RECARGOS'!$D$6*'HORAS EXTRAS Y RECARGOS'!C9 -> 0 | H9: =+B9/'PLANILLA NOMINA'!$R$22*'HORAS EXTRAS Y RECARGOS'!$G$6*'HORAS EXTRAS Y RECARGOS'!F9 -> 0 | K9: =+B9/'PLANILLA NOMINA'!$R$22*'HORAS EXTRAS Y RECARGOS'!$J$6*'HORAS EXTRAS Y RECARGOS'!I9 -> 0 | N9: =+B9/'PLANILLA NOMINA'!$R$22*'HORAS EXTRAS Y RECARGOS'!$M$6*'HORAS EXTRAS Y RECARGOS'!L9 -> 0 | Q9: =+B9/'PLANILLA NOMINA'!$R$22*$P$6*O9 -> 0 | T9: =B9/'PLANILLA NOMINA'!$R$22*$S$6*R9 -> 0 | W9: =+B9/'PLANILLA NOMINA'!$R$22*$V$6*U9 -> 0 | X9: =SUM(E9,H9,K9,N9,Q9,T9,W9) -> 0
A10: =+'PLANILLA NOMINA'!B10 -> COVID ANDRES VAQUERO | B10: =+'PLANILLA NOMINA'!C10 -> 1600000 | E10: =B10/'PLANILLA NOMINA'!$R$22*'HORAS EXTRAS Y RECARGOS'!$D$6*'HORAS EXTRAS Y RECARGOS'!C10 -> 0 | H10: =+B10/'PLANILLA NOMINA'!$R$22*'HORAS EXTRAS Y RECARGOS'!$G$6*'HORAS EXTRAS Y RECARGOS'!F10 -> 0 | K10: =+B10/'PLANILLA NOMINA'!$R$22*'HORAS EXTRAS Y RECARGOS'!$J$6*'HORAS EXTRAS Y RECARGOS'!I10 -> 0 | N10: =+B10/'PLANILLA NOMINA'!$R$22*'HORAS EXTRAS Y RECARGOS'!$M$6*'HORAS EXTRAS Y RECARGOS'!L10 -> 0 | Q10: =+B10/'PLANILLA NOMINA'!$R$22*$P$6*O10 -> 0 | T10: =B10/'PLANILLA NOMINA'!$R$22*$S$6*R10 -> 0 | U10: 8 | W10: =+B10/'PLANILLA NOMINA'!$R$22*$V$6*U10 -> 104727.27 | X10: =SUM(E10,H10,K10,N10,Q10,T10,W10) -> 104727.27
A11: =+'PLANILLA NOMINA'!B11 -> ARMANDO CASAS | B11: =+'PLANILLA NOMINA'!C11 -> 6000000 | E11: =B11/'PLANILLA NOMINA'!$R$22*'HORAS EXTRAS Y RECARGOS'!$D$6*'HORAS EXTRAS Y RECARGOS'!C11 -> 0 | H11: =+B11/'PLANILLA NOMINA'!$R$22*'HORAS EXTRAS Y RECARGOS'!$G$6*'HORAS EXTRAS Y RECARGOS'!F11 -> 0 | K11: =+B11/'PLANILLA NOMINA'!$R$22*'HORAS EXTRAS Y RECARGOS'!$J$6*'HORAS EXTRAS Y RECARGOS'!I11 -> 0 | N11: =+B11/'PLANILLA NOMINA'!$R$22*'HORAS EXTRAS Y RECARGOS'!$M$6*'HORAS EXTRAS Y RECARGOS'!L11 -> 0 | Q11: =+B11/'PLANILLA NOMINA'!$R$22*$P$6*O11 -> 0 | T11: =B11/'PLANILLA NOMINA'!$R$22*$S$6*R11 -> 0 | W11: =+B11/'PLANILLA NOMINA'!$R$22*$V$6*U11 -> 0 | X11: =SUM(E11,H11,K11,N11,Q11,T11,W11) -> 0
A12: =+'PLANILLA NOMINA'!B12 -> 0 | B12: =+'PLANILLA NOMINA'!C12 -> 0 | E12: =B12/'PLANILLA NOMINA'!$R$22*'HORAS EXTRAS Y RECARGOS'!$D$6*'HORAS EXTRAS Y RECARGOS'!C12 -> 0 | H12: =+B12/'PLANILLA NOMINA'!$R$22*'HORAS EXTRAS Y RECARGOS'!$G$6*'HORAS EXTRAS Y RECARGOS'!F12 -> 0 | K12: =+B12/'PLANILLA NOMINA'!$R$22*'HORAS EXTRAS Y RECARGOS'!$J$6*'HORAS EXTRAS Y RECARGOS'!I12 -> 0 | N12: =+B12/'PLANILLA NOMINA'!$R$22*'HORAS EXTRAS Y RECARGOS'!$M$6*'HORAS EXTRAS Y RECARGOS'!L12 -> 0 | Q12: =+B12/'PLANILLA NOMINA'!$R$22*$P$6*O12 -> 0 | T12: =B12/'PLANILLA NOMINA'!$R$22*$S$6*R12 -> 0 | W12: =+B12/'PLANILLA NOMINA'!$R$22*$V$6*U12 -> 0 | X12: =SUM(E12,H12,K12,N12,Q12,T12,W12) -> 0
A13: =+'PLANILLA NOMINA'!B13 -> 0 | B13: =+'PLANILLA NOMINA'!C13 -> 0 | E13: =B13/'PLANILLA NOMINA'!$R$22*'HORAS EXTRAS Y RECARGOS'!$D$6*'HORAS EXTRAS Y RECARGOS'!C13 -> 0 | H13: =+B13/'PLANILLA NOMINA'!$R$22*'HORAS EXTRAS Y RECARGOS'!$G$6*'HORAS EXTRAS Y RECARGOS'!F13 -> 0 | K13: =+B13/'PLANILLA NOMINA'!$R$22*'HORAS EXTRAS Y RECARGOS'!$J$6*'HORAS EXTRAS Y RECARGOS'!I13 -> 0 | N13: =+B13/'PLANILLA NOMINA'!$R$22*'HORAS EXTRAS Y RECARGOS'!$M$6*'HORAS EXTRAS Y RECARGOS'!L13 -> 0 | Q13: =+B13/'PLANILLA NOMINA'!$R$22*$P$6*O13 -> 0 | T13: =B13/'PLANILLA NOMINA'!$R$22*$S$6*R13 -> 0 | W13: =+B13/'PLANILLA NOMINA'!$R$22*$V$6*U13 -> 0 | X13: =SUM(E13,H13,K13,N13,Q13,T13,W13) -> 0
A14: =+'PLANILLA NOMINA'!B14 -> 0 | B14: =+'PLANILLA NOMINA'!C14 -> 0 | E14: =B14/'PLANILLA NOMINA'!$R$22*'HORAS EXTRAS Y RECARGOS'!$D$6*'HORAS EXTRAS Y RECARGOS'!C14 -> 0 | H14: =+B14/'PLANILLA NOMINA'!$R$22*'HORAS EXTRAS Y RECARGOS'!$G$6*'HORAS EXTRAS Y RECARGOS'!F14 -> 0 | K14: =+B14/'PLANILLA NOMINA'!$R$22*'HORAS EXTRAS Y RECARGOS'!$J$6*'HORAS EXTRAS Y RECARGOS'!I14 -> 0 | N14: =+B14/'PLANILLA NOMINA'!$R$22*'HORAS EXTRAS Y RECARGOS'!$M$6*'HORAS EXTRAS Y RECARGOS'!L14 -> 0 | Q14: =+B14/'PLANILLA NOMINA'!$R$22*$P$6*O14 -> 0 | T14: =B14/'PLANILLA NOMINA'!$R$22*$S$6*R14 -> 0 | W14: =+B14/'PLANILLA NOMINA'!$R$22*$V$6*U14 -> 0 | X14: =SUM(E14,H14,K14,N14,Q14,T14,W14) -> 0
A15: =+'PLANILLA NOMINA'!B15 -> 0 | B15: =+'PLANILLA NOMINA'!C15 -> 0 | E15: =B15/'PLANILLA NOMINA'!$R$22*'HORAS EXTRAS Y RECARGOS'!$D$6*'HORAS EXTRAS Y RECARGOS'!C15 -> 0 | H15: =+B15/'PLANILLA NOMINA'!$R$22*'HORAS EXTRAS Y RECARGOS'!$G$6*'HORAS EXTRAS Y RECARGOS'!F15 -> 0 | K15: =+B15/'PLANILLA NOMINA'!$R$22*'HORAS EXTRAS Y RECARGOS'!$J$6*'HORAS EXTRAS Y RECARGOS'!I15 -> 0 | N15: =+B15/'PLANILLA NOMINA'!$R$22*'HORAS EXTRAS Y RECARGOS'!$M$6*'HORAS EXTRAS Y RECARGOS'!L15 -> 0 | Q15: =+B15/'PLANILLA NOMINA'!$R$22*$P$6*O15 -> 0 | T15: =B15/'PLANILLA NOMINA'!$R$22*$S$6*R15 -> 0 | W15: =+B15/'PLANILLA NOMINA'!$R$22*$V$6*U15 -> 0 | X15: =SUM(E15,H15,K15,N15,Q15,T15,W15) -> 0
A16: TOTALES | E16: =SUM(E6:E15) -> 136363.64 | H16: =SUM(H6:H15) -> 92272.727 | K16: =SUM(K6:K15) -> 0 | N16: =SUM(N6:N15) -> 0 | Q16: =SUM(Q6:Q15) -> 0 | T16: =SUM(T6:T15) -> 0 | W16: =SUM(W6:W15) -> 209454.55 | X16: =SUM(X6:X15) -> 438090.91

Sheet Hoja2
